Map: Eternal Empire LE

Players

bleu - Winner!

  • Race: Protoss Protoss
  • League: Diamond
  • Spawn Location: 7:00

Bongsam

  • Race: Protoss Protoss
  • League: Diamond
  • Spawn Location: 1:00

VOD

Have the link to the VOD?

Description

Time

  • Played on: April 15, 2020, 10:43 a.m.
  • Length: 6:00
Show
View Real Time Build Order
Export as new Build Order

bleu Protoss - Winner!

Build Orders:  

Get SALT Encoding   

  12  0:00  Probe  
  13  0:12  Probe  
  14  0:18  Pylon  
  14  0:26  Probe (Chrono Boost)  
  15  0:36  Gateway  
  15  0:40  Probe (Chrono Boost)  
  16  0:44  Assimilator  
  16  0:46  Probe (Chrono Boost)  
  18  0:57  Probe  
  18  0:58  Assimilator  
  18  1:09  Probe (Chrono Boost)  
  19  1:14  Gateway  
  20  1:20  Probe (Chrono Boost)  
  20  1:27  Cybernetics Core  
  20  1:28  Probe  
  21  1:40  Probe  
  21  1:46  Pylon  
  22  1:52  Probe  
  23  2:05  Probe, Stalker  
  23  2:06  Sentry, Warp Gate  
  28  2:12  Pylon  
  28  2:32  Stalker  
  28  2:36  Sentry  
  32  2:45  Robotics Facility  
  32  2:57  Nexus  
  32  3:05  Stalker  
  34  3:16  Sentry  
  35  3:28  Probe (Chrono Boost)  
  35  3:38  Probe (Chrono Boost)  
  34  4:00  Immortal (Chrono Boost)  
  39  4:25  Stalker  
  39  4:30  Warp Prism (Chrono Boost)  
  40  4:33  Stalker  
  44  4:42  Probe  
  44  4:43  Probe  
  46  4:52  Stalker  
  48  4:57  Probe (Chrono Boost)  
  50  5:02  Probe (Chrono Boost)  
  50  5:06  Probe (Chrono Boost)  
  51  5:13  Probe  
  51  5:14  Probe  
  48  5:30  Stalker  
  48  5:31  Stalker  
  40  5:54  Stalker x2  
Show
View Real Time Build Order
Export as new Build Order

Bongsam Protoss 

Build Orders:  

Get SALT Encoding   

  12  0:02  Probe  
  14  0:14  Probe  
  14  0:18  Pylon  
  14  0:26  Probe (Chrono Boost)  
  15  0:38  Probe (Chrono Boost)  
  15  0:42  Gateway  
  16  0:47  Assimilator, Probe (Chrono Boost)  
  17  0:52  Probe  
  18  1:04  Probe  
  18  1:08  Gateway  
  19  1:17  Probe  
  20  1:23  Assimilator  
  20  1:30  Probe  
  21  1:36  Cybernetics Core  
  21  1:40  Pylon  
  21  1:43  Probe  
  22  1:56  Probe  
  23  2:08  Probe  
  23  2:11  Pylon  
  23  2:13  Adept x2  
  23  2:15  Warp Gate  
  28  2:20  Probe  
  29  2:32  Probe  
  29  2:35  Stargate  
  30  2:45  Probe  
  31  2:55  Nexus  
  31  3:04  Stalker  
  31  3:05  Pylon  
  33  3:07  Sentry  
  35  3:17  Probe  
  36  3:40  Probe  
  37  3:42  Stalker x2  
  41  3:52  Probe  
  40  4:04  Oracle, Probe  
  40  4:08  Probe  
  46  4:17  Probe (Chrono Boost)  
  46  4:20  Probe (Chrono Boost)  
  46  4:21  Twilight Council  
  47  4:29  Probe (Chrono Boost)  
  49  4:31  Probe (Chrono Boost)  
  49  4:35  Probe (Chrono Boost)  
  49  4:36  Probe (Chrono Boost)  
  51  4:42  Stalker x2  
  51  4:43  Probe  
  51  4:45  Assimilator x2  
  56  4:46  Probe  
  56  4:49  Pylon  
  57  4:53  Pylon  
  57  4:55  Probe  
  57  4:58  Probe  
  59  5:03  Templar Archives  
  59  5:07  Stalker  
  61  5:27  Stalker  
  35  5:51  Zealot x2  
Tags
 
Add a new tag
Caveats
  • Supply blocks, unpowered buildings, or Contaminate may cause inaccurate times.
  • Supply counts are checked every 10 seconds.